 Dungeon Crawl Stone Soup version 0.30.0-17-ge0270778cf (webtiles) character file.

Game seed: 9324414312637413823

122 Irreverend the Ruffian (level 4, -11/37 HPs)
             Began as a Draconian Transmuter on May 23, 2023.
             Killed by divine providence
             ... invoked by an orc priest
              (15 damage)
             ... on level 3 of the Dungeon.
             The game lasted 00:03:33 (2091 turns).

Irreverend the Ruffian (Draconian Transmuter)       Turns: 2091, Time: 00:03:33

Health: -11/37     AC:  5    Str: 12    XL:     4   Next: 78%
Magic:  5/8        EV: 12    Int: 16    God:
Gold:   135        SH:  0    Dex: 11    Spells: 5/8 levels left

rFire   + .          .
                       - Unarmed
rCold   . . .        (no shield)
rNeg    . . .        (body armour unavailable)
rPois   .            (helmet currently unavailable)
rElec   .            (no cloak)
rCorr   .            (no gloves)
SInv    .            (boots currently unavailable)
Will    .....        (no amulet)
Stlth   +            b - ring of protection from fire
HPRegen 0.26/turn    (no ring)
MPRegen 0.11/turn

%: no passive effects
@: confused, appendages, wereblooded
A: horns 2, talons 2, AC +5, unfitting armour, cold-blooded
a: End Transformation


You were on level 3 of the Dungeon.
You had temporarily grown beastly horns and talons.
You visited 1 branch of the dungeon, and saw 3 of its levels.

You collected 135 gold pieces.

Inventory:

Hand Weapons
 h - the +9 short sword "Opas" {pain, *Rage rElec Dex+4}
   (You found it on level 2 of the Dungeon)

   Dex:       It affects your dexterity (+4).
   rElec:     It insulates you from electricity.
   *Rage:     It berserks you when you make melee attacks (+20% chance).
Jewellery
 b - a ring of protection from fire (left hand)
 c - an amulet of guardian spirit
Wands
 i - a wand of paralysis (9)
Scrolls
 d - 3 scrolls of identify {unknown}
 e - a scroll of fear {unknown}
 f - a scroll of enchant armour {unknown}
Potions
 a - a potion of lignification
 g - a potion of degeneration {unknown}


   Skills:
 + Level 2.4 Fighting
 - Level 1.7 Dodging
 + Level 3.6 Unarmed Combat
 + Level 2.7 Spellcasting
 * Level 3.4 Transmutations


You had 5 spell levels left.
You knew the following spells:

 Your Spells              Type           Power      Damage    Failure   Level
a - Beastly Appendage     Tmut           26%        N/A       4%          1
b - Wereblood             Tmut           13%        N/A       7%          2

Your spell library contained the following spells:

 Spells                   Type           Power      Damage    Failure   Level
 Spider Form              Tmut/Pois      7%         N/A       28%         3
 Ice Form                 Ice/Tmut       7%         N/A       67%         4


Dungeon Overview and Level Annotations

Branches:
Dungeon (3/15)

Altars:


Innate Abilities, Weirdness & Mutations

You have temporarily grown beastly horns and talons.
Your plain brown scales are hard. (AC +5)
You cannot fit into any form of body armour.
You are cold-blooded and may be slowed by cold attacks.


Message History

The orc wizard hits you with a +1 vampiric dagger.
The orc wizard draws strength from your wounds!
The orc hits you with a +0 club. The orc hits you but does no damage.
You hit the orc priest. Your kick misses the orc priest.
Your headbutt misses the orc priest.
The orc priest is lightly wounded.
The orc priest closely misses you. The orc closely misses you.
The orc wizard points at you and mumbles some strange words.
The magic dart hits you. The orc hits you but does no damage.
The orc barely misses you.
You closely miss the orc priest. You claw the orc priest.
The orc priest is moderately wounded.
The orc priest barely misses you.
The orc hits you with a +0 morningstar of protection.
The orc wizard casts a spell at you. The puff of flame hits you. You resist.
The orc hits you with a +0 club. The orc hits you but does no damage.
You hit the orc priest. Your kick misses the orc priest.
Your tail-slap misses the orc priest.
The orc priest is severely wounded.
You howl as the wereblood boils in your veins!
The orc priest misses you. The orc closely misses you.
The orc wizard hits you but does no damage.
The orc closely misses you. The orc hits you with a +0 club.
You hit the orc priest.
The orc priest is severely wounded.
You howl as the wereblood boils in your veins!
The orc barely misses you.
The orc priest invokes the aid of Beogh against you.
Beogh smites you!
* * * LOW HITPOINT WARNING * * *
The orc wizard points at you and mumbles some strange words.
You are confused.
The orc misses you. The orc closely misses you.
You hit the orc but do no damage. You claw the orc.
The orc is almost dead.
The orc misses you.
The orc priest invokes the aid of Beogh against you.
Beogh smites you!
You die...

#.. .. .. .# #.
.# # #. .# .. .
#.##.###...
..####oo........
#......@o..#....
#.....o$o.......
#..........|....
......(.....#...
#...........#..#
...............#
#####...)....).#
..#.......#...#
#..........#...#


You could see an orc priest, an orc wizard and 3 orcs.

Vanquished Creatures
  Natasha (twice) (D:2)
  3 adders
  A dart slug (D:2)
  5 endoplasms (D:1)
  5 giant cockroaches
  8 goblins
  A hobgoblin (D:1)
  4 kobolds
  A quokka (D:1)
  A ball python (D:2)
  4 bats
  4 frilled lizards
  5 rats
44 creatures vanquished.

Notes
Turn   | Place    | Note
-------+----------+-------------------------------------------
     0 | D:1      | Irreverend the Draconian Transmuter began the quest for the
                  | Orb.
     0 | D:1      | Reached XP level 1. HP: 16/16 MP: 3/3
    61 | D:1      | Reached XP level 2. HP: 21/23 MP: 1/5
  1007 | D:2      | Learned a level 2 spell: Wereblood
  1167 | D:2      | Reached XP level 3. HP: 29/29 MP: 2/6
  1459 | D:2      | Noticed Natasha
  1473 | D:2      | Killed Natasha
  1474 | D:2      | Reached XP level 4. HP: 12/36 MP: 3/7
  1564 | D:2      | Noticed Natasha
  1573 | D:2      | Killed Natasha
  1958 | D:2      | Identified the +9 short sword "Opas" {pain, *Rage rElec
                  | Dex+4}
  2091 | D:3      | Killed from afar by an orc priest

Illustrated notes

Levels and vault maps discovered:
D:1:      spicycebolla_arrival_xxxplode, layout_loops_ring
D:2:      minmay_angry_zag, layout_loops_ring, minmay_misc_feat_enclosed,
          kennysheep_crisscross, uniq_natasha
D:3:      layout_rooms, chequers_ecumenical_altar_simple, uniq_grinder

Skill      XL: |  1  2  3 |
---------------+----------+-----
Fighting       | 2 |  2.4
Transmutations | 3 |  3.4
Dodging        | |  1.7
Unarmed Combat | |  3.6
Spellcasting   | |  2.7

Action                     |  1- 3 |  4- 6 || total
---------------------------+-------+-------++-------
  Melee: Unarmed           |    76 |    47 ||   123
         Kick              |    16 |     6 ||    22
         Headbutt          |     8 |     4 ||    12
         Punch             |     2 |       ||     2
         Tailslap          |     2 |     6 ||     8
   Cast: Beastly Appendage |    24 |     4 ||    28
         Wereblood         |     7 |     5 ||    12
 Armour: Skin              |    19 |    20 ||    39
  Dodge: Dodged            |    44 |    35 ||    79
